 Dungeon Crawl Stone Soup version 0.30-a0-347-gf58ed5266c (webtiles) character file.

Game seed: 10001252519594315447

1696 mcwallace the Chiller (level 8, -3/61 HPs)
             Began as a Demonspawn Ice Elementalist on Nov 7, 2022.
             Was an Initiate of Vehumet.
             Killed from afar by a raiju (20 damage)
             ... with a living lightning
             ... on level 2 of the Abyss.
             The game lasted 00:17:31 (6184 turns).

mcwallace the Chiller (Demonspawn Ice Elementalist) Turns: 6184, Time: 00:17:32

Health: -3/61      AC: 11    Str:  9    XL:     8   Next: 72%
Magic:  24/24      EV: 11    Int: 24    God:    Vehumet [......]
Gold:   459        SH:  0    Dex: 14    Spells: 12/16 levels left

rFire   . . .      SeeInvis .    y - +0 trident (vamp) {polearm}
rCold   . . .      Faith    .    (no shield)
rNeg    . . .      Spirit   .    n - +0 ring mail {rPois}
rPois   +          Reflect  .    d - +0 helmet
rElec   .          Harm     .    B - +0 cloak {Will+}
rCorr   .          Rampage  .    (gloves unavailable)
Will    +....                    D - +0 pair of boots
Stlth   +.........               z - amulet of regeneration {@e2}
HPRegen 1.10/turn                G - +6 ring of intelligence
MPRegen 0.19/turn                w - ring of magical power

@: no status effects
A: yellow scales 1, demonic magic 1, demonic touch 3
a: Renounce Religion


You were on level 2 of the Abyss.
You worshipped Vehumet.
Vehumet was noncommittal.
You visited 1 branch of the dungeon, and saw 7 of its levels.
You visited the Abyss 1 time.

You collected 459 gold pieces.


Innate Abilities, Weirdness & Mutations

You are partially covered in yellow scales. (AC +2)
Spells you cast may paralyse adjacent enemies.
Your touch may irresistibly damage your foes and sap their willpower.


   Skills:
 + Level 4.8 Fighting
 + Level 4.2 Armour
 - Level 4.3 Dodging
 - Level 1.7 Stealth
 + Level 4.9 Spellcasting
 + Level 5.8 Ice Magic
 + Level 2.1 Evocations


You had 12 spell levels left.
You knew the following spells:

 Your Spells              Type           Power      Damage    Failure   Level
a - Freeze                Ice            100%       1d10      1%          1
b - Frozen Ramparts       Ice            68%        1d11      6%          3

Your spell library contained the following spells:

 Spells                   Type           Power      Damage    Failure   Level
 Ozocubu's Armour         Ice            34%        N/A       6%          3
 Blink                    Tloc           10%        N/A       34%         2
 Momentum Strike          Conj/Tloc      10%        3d8       34%         2
 Lesser Beckoning         Tloc           10%        N/A       56%         3
 Summon Ice Beast         Ice/Summ       20%        N/A       56%         4
 Metabolic Englaciation   Hex/Ice        10%        N/A       88%         5
 Simulacrum               Ice/Necr       10%        N/A       100%        6

Inventory:

Hand Weapons
 c - a +0 club {mace}
   (You found it on level 1 of the Dungeon)
 h - a +0 mace {mace}
   (You found it on level 1 of the Dungeon)
 l - a +0 long sword {long}
   (You found it on level 1 of the Dungeon)
 y - a +0 vampiric trident (weapon) {polearm}
   (You took it off an orc on level 3 of the Dungeon)
Missiles
 i - 8 javelins {throwing}
 m - 45 stones {throwing}
 L - 6 poisoned darts {throwing}
 Q - 4 boomerangs {throwing}
Armour
 d - a +0 helmet (worn)
   (You found it on level 1 of the Dungeon)
 g - a +0 cloak
   (You found it on level 1 of the Dungeon)
 n - a +0 ring mail of poison resistance (worn)
   (You found it on level 1 of the Dungeon)
 x - a +0 pair of gloves
   (You found it on level 3 of the Dungeon)
 B - a +0 cloak of willpower (worn)
   (You took it off Crazy Yiuf on level 4 of the Dungeon)
 D - a +0 pair of boots (worn)
   (You found it on level 4 of the Dungeon)
 P - a +0 leather armour
   (You took it off an orc on level 6 of the Dungeon)
 U - a +0 robe
   (You found it on level 5 of the Dungeon)
 W - a +0 ring mail
   (You found it on level 5 of the Dungeon)
 X - a +0 robe
   (You took it off an orc wizard on level 5 of the Dungeon)
 Z - a +0 robe
   (You took it off Blork the orc on level 5 of the Dungeon)
Jewellery
 o - a ring of positive energy
   (You found it on level 2 of the Dungeon)
 u - a ring of protection from cold
   (You found it on level 3 of the Dungeon)
 w - a ring of magical power (right hand)
   (You found it on level 3 of the Dungeon)
 z - an amulet of regeneration (around neck) {@e2}
   (You found it on level 3 of the Dungeon)
 G - a +6 ring of intelligence (left hand)
   (You found it on level 4 of the Dungeon)
Wands
 s - a wand of roots (16)
   (You found it on level 3 of the Dungeon)
 C - a wand of flame (20)
   (You took it off Crazy Yiuf on level 4 of the Dungeon)
 E - a wand of mindburst (10)
   (You found it on level 5 of the Dungeon)
Scrolls
 f - 2 scrolls of poison {unknown}
 j - a scroll of brand weapon {unknown}
 p - a scroll of blinking {unknown}
 q - 3 scrolls of magic mapping {unknown}
 r - 4 scrolls of identify {unknown}
 t - a scroll of enchant armour {unknown}
 I - a scroll of immolation {!r!r}
 K - a scroll of teleportation {unknown}
 M - 2 scrolls of summoning {unknown}
 O - a scroll of silence {unknown}
 V - a scroll of acquirement {unknown}
Potions
 a - a potion of lignification {unknown}
 b - 2 potions of magic
 e - 2 potions of mutation {unknown}
 k - 4 potions of flight {unknown}
 A - 3 potions of curing {unknown}
 F - a potion of haste {unknown}
 H - a potion of heal wounds {unknown}
 J - a potion of resistance {unknown}
 N - a potion of degeneration {unknown}
 Y - a potion of berserk rage {unknown}

Dungeon Overview and Level Annotations

Branches:
Dungeon (7/15) Zot: 26994  Temple (0/1) D:6

Altars:
Hepliaklqana
Makhleb
Okawaru
Sif Muna
Vehumet
Yredelemnul

Shops:
D:3 (

Annotations:
D:4 1 runed translucent door, bande's ghost, novice GrFi

..###...#.....
...#...........
..............#
..............##.
...............
#.............
##...#........
.x#..ยง..5.......
..hยง..h.h@h......
..#..#####...###.
## #..# ..# ..#
.#.# #.# .


You could see a worldbinder, 4 raiju and an ufetubus.


Message History

No target in view!
m - 45 stones {throwing} (gained 7)
A phantom comes into view. ๐Ÿ˜Ž HP[+8]
Your hp is fully restored (61).
A phantom is nearby!
A phantom is nearby!
A phantom is nearby!
You reach to attack!
You hit the phantom but do no damage. The phantom barely misses you.
You hit the phantom. The phantom hits you.
The phantom blinks!
You blink. ๐Ÿ˜• HP[-2]
You take 2 damage, and now have 59/61 hp.
You hit the phantom but do no damage.
The phantom closely misses you. ๐Ÿ˜• HP[+1]
You closely miss the phantom.
You touch the phantom!
You sap its willpower!
The phantom barely misses you. ๐Ÿ˜Ž HP[+1]
Your hp is fully restored (61).
You completely miss the phantom.
The phantom hits you but does no damage.
The phantom closely misses you.
You hit the phantom.
You destroy the phantom!
Vehumet accepts your kill.
No target in view!
No target in view!
Items here: )))) [[.
You see here a +0 ring mail.
You open the door.
Found a staircase to the Ecumenical Temple.
There is an open door here.
Done exploring.
Done exploring.
Unknown command.
Done exploring.
There is an open door here.
Items here: [[[[[.
There is a stone staircase leading down here.
You climb downwards.
There is a stone staircase leading up here.
A wizard comes into view. It is wielding a +1 dagger of venom.
The wizard shouts!
The wizard howls an incantation.
You feel disoriented.
There is a stone staircase leading up here.
The wizard mumbles some strange words.
The wizard blinks!
Casting: Frozen Ramparts (dangerous; 6% risk of failure)
Confirm with . or Enter, or press ? or * to list all spells.
Casting: Frozen Ramparts (dangerous; 6% risk of failure)
Press: ? - help, Dir - look around, f - activate The walls around you are covered in ice.
Malevolent energies surge around you.
The wall freezes the wizard but does no damage.
The wizard points at you and mumbles some strange words.
You are cast into the Abyss!
The frozen ramparts melt away.
This branch contains the abyssal rune of Zot. ๐Ÿ˜Ž MP[-3]
You lost 3 mp, and now have 21/24 mp. ๐Ÿ˜Ž MP[+1] ๐Ÿ˜Ž MP[+1]
An ufetubus comes into view. ๐Ÿ˜Ž MP[+1]
Your mp is fully restored (24). 2 raiju come into view.
The raiju barks! x3
The raiju bursts into living lightning!
The living lightning hits you!
The raiju blinks! x2
The raiju bursts into living lightning!
The living lightning hits the raiju.
The raiju completely resists.
The living lightning hits you!!
* * * LOW HITPOINT WARNING * * *
The raiju blinks! x3 ๐Ÿ˜จ HP[-31]
You take 31 damage, and now have 30/61 hp.
MASSIVE DAMAGE!! (PAUSE)
The raiju attacks as you move away! The raiju bites you.
* * * LOW HITPOINT WARNING * * *
The raiju shocks you!
* * * LOW HITPOINT WARNING * * *
A raiju comes into view.
The raiju bursts into living lightning!
The living lightning hits you.
* * * LOW HITPOINT WARNING * * *
The raiju blinks! x2 ๐Ÿ˜จ HP[-14]
You take 14 damage, and now have 16/61 hp.
MASSIVE DAMAGE!! (PAUSE)
A worldbinder comes into view.
The raiju bursts into living lightning!
The living lightning hits the raiju.
The raiju completely resists.
The living lightning hits the raiju.
The raiju completely resists.
The living lightning misses you.
The raiju blinks!
The raiju bursts into living lightning!
The living lightning hits the raiju.
The raiju completely resists.
The living lightning hits you!!
You die...

Skill      XL: |  1  2  3  4  5  6  7  8 |
---------------+-------------------------+-----
Dodging        | 2 3 4 |  4.3
Fighting       | 1 2 3 4 |  4.8
Armour         | 1 2 3 4 |  4.2
Ice Magic      | 4 5 |  5.8
Spellcasting   | 3 4 |  4.9
Evocations     | 2 |  2.1
Stealth        | |  1.7

Action                   |  1- 3 |  4- 6 |  7- 9 || total
-------------------------+-------+-------+-------++-------
Melee: Club              |    20 |       |       ||    20
       Mace              |    24 |       |       ||    24
       Long sword        |    56 |       |       ||    56
       Touch             |     8 |    13 |    28 ||    49
       Punch             |     1 |       |     2 ||     3
       Trident           |     1 |    86 |   144 ||   231
 Cast: Freeze            |    11 |     1 |       ||    12
       Frozen Ramparts   |       |     1 |    13 ||    14
Evoke: Wand              |       |     7 |       ||     7
 Stab: Sleeping          |     7 |       |       ||     7
       Paralysed         |       |       |     4 ||     4
Armor: Robe              |    23 |       |       ||    23
       Ring mail         |    13 |    37 |    73 ||   123
Dodge: Dodged            |    86 |    44 |   106 ||   236

Levels and vault maps discovered:
D:1:      minmay_arrival_hallway, layout_basic
D:2:      layout_loops_corners
D:3:      layout_loops_ring, mainiacjoe_overflow_24_doors,
          nicolae_hepliaklqana_hippocampus, serial_shops,
          nicolae_shop_waterfront, uniq_terence
D:4:      layout_rooms, lemuel_round_altar, ebering_ghost_inner_flame,
          kennysheep_path_1, saegor_snake_ambush, uniq_edmund, uniq_menkaure,
          uniq_crazy_yiuf_cottage
D:5:      minmay_razor_zed, layout_cave_pods, lemuel_tele_altar, zin_treasury,
          gammafunk_temple_overflow_statue, minmay_holes, uniq_blork_the_orc
D:6:      layout_basic, elyvilon_altar_4, lemuel_round_altar, temple_green
D:7:      cheibrodos_wizards_tower, layout_basic,
          mainiacjoe_overflow_six_doors_small, uniq_pikel
Abyss:2:  base: D:1, base:
D:5

Notes
Turn   | Place    | Note
-------+----------+-------------------------------------------
     0 | D:1      | mcwallace the Demonspawn Ice Elementalist began the quest
                  | for the Orb.
     0 | D:1      | Reached XP level 1. HP: 13/13 MP: 3/3
     0 | D:1      | magus.rc [v1.9.6]
   362 | D:1      | Reached skill level 2 in Dodging
   362 | D:1      | Gained mutation: Your touch may inflict minor irresistible
                  | damage on your foes. [demonic ancestry]
   362 | D:1      | Reached XP level 2. HP: 19/20 MP: 5/5
   959 | D:2      | Reached skill level 1 in Fighting
  1321 | D:2      | Gained mutation: You are partially covered in yellow
                  | scales. (AC +2) [demonic ancestry]
  1321 | D:2      | Reached XP level 3. HP: 17/26 MP: 1/6
  1901 | D:3      | Found a shimmering blue altar of Sif Muna.
  2056 | D:3      | Found Tosopn's Weapon Boutique.
  2149 | D:3      | Noticed Terence
  2156 | D:3      | Killed Terence
  2157 | D:3      | Reached skill level 1 in Armour
  2157 | D:3      | Reached skill level 4 in Ice Magic
  2157 | D:3      | Gained mutation: Your touch may inflict irresistible damage
                  | on your foes. [demonic ancestry]
  2157 | D:3      | Reached XP level 4. HP: 31/32 MP: 7/7
  2452 | D:3      | Found a hazy altar of Hepliaklqana.
  2704 | D:4      | Noticed a phantom
  3059 | D:4      | Noticed Menkaure
  3091 | D:4      | Found a runed translucent door.
  3092 | D:4      | Noticed Crazy Yiuf
  3100 | D:4      | HP: 7/32 [Crazy Yiuf/+4 quarterstaff of chaos (2)]
  3101 | D:4      | HP: 1/32 [Crazy Yiuf/puff of flame (8)]
  3102 | D:4      | Killed Crazy Yiuf
  3143 | D:4      | Learned a level 3 spell: Frozen Ramparts
  3152 | D:4      | Killed Menkaure
  3153 | D:4      | Reached skill level 2 in Fighting
  3153 | D:4      | Reached skill level 3 in Spellcasting
  3153 | D:4      | Gained mutation: Spells you cast may paralyse adjacent
                  | enemies. [demonic ancestry]
  3153 | D:4      | Reached XP level 5. HP: 23/39 MP: 9/9
  3192 | D:4      | Killed a phantom
  3193 | D:4      | Reached skill level 2 in Armour
  3193 | D:4      | Reached skill level 3 in Dodging
  3193 | D:4      | Reached XP level 6. HP: 46/46 MP: 10/10
  3264 | D:4      | Noticed Edmund
  3271 | D:4      | Killed Edmund
  3295 | D:4      | Noticed bande's ghost (novice GrFi)
  3296 | D:4      | Found a runed translucent door.
  3336 | D:4      | Reached skill level 3 in Fighting
  3825 | D:4      | Found an iron altar of Okawaru.
  3833 | D:4      | Reached XP level 7. HP: 45/52 MP: 12/12
  4125 | D:5      | Entered Level 5 of the Dungeon
  4245 | D:5      | Reached skill level 5 in Ice Magic
  4446 | D:5      | Reached skill level 3 in Armour
  4478 | D:5      | You pick up a book of Winter and begin reading...
  4478 | D:5      | You add the spells Metabolic Englaciation and Simulacrum to
                  | your library.
  4577 | D:5      | Reached skill level 4 in Spellcasting
  4580 | D:5      | Reached skill level 4 in Dodging
  4650 | D:5      | Gained mutation: Your touch may irresistibly damage your
                  | foes and sap their willpower. [demonic ancestry]
  4650 | D:5      | Reached XP level 8. HP: 60/60 MP: 14/14
  4744 | D:5      | Noticed Blork the orc
  4757 | D:5      | Killed Blork the orc
  4758 | D:5      | Reached skill level 4 in Fighting
  4795 | D:5      | Found a radiant altar of Vehumet.
  4822 | D:5      | Became a worshipper of Vehumet
  5091 | D:5      | Reached skill level 1 in Evocations
  5204 | D:5      | Found a burning altar of Makhleb.
  5473 | D:6      | Reached skill level 4 in Armour
  5494 | D:6      | Found a basalt altar of Yredelemnul.
  5713 | D:6      | You pick up a book of Spatial Translocations and begin
                  | reading...
  5713 | D:6      | You add the spells Blink, Momentum Strike and Lesser
                  | Beckoning to your library.
  5999 | D:6      | Reached skill level 2 in Evocations
  6105 | D:6      | Found a staircase to the Ecumenical Temple.
  6156 | D:7      | Noticed a wizard
  6160 | D:7      | You are cast into the Abyss!
  6160 | Abyss:2  | Cast into level 2 of the Abyss (a wizard)
  6181 | Abyss:2  | Noticed a raiju
  6181 | Abyss:2  | Noticed a raiju
  6181 | Abyss:2  | Noticed a raiju
  6183 | Abyss:2  | Noticed a raiju
  6184 | Abyss:2  | Noticed a worldbinder
  6184 | Abyss:2  | Killed from afar by a raiju

Vanquished Creatures
  Menkaure (D:4)
  Edmund (D:4)
  2 water moccasins (D:5)
  An ice beast (D:5)
  A black bear (D:5)
  2 phantoms
  Blork the orc (D:5)
  3 necrophages
  A bullfrog (D:6)
  A scorpion (D:5)
  A howler monkey (D:4)
  A jelly (D:4)
  Crazy Yiuf (D:4)
  2 orc priests
  2 iguanas (D:5)
  Terence (D:3)
  4 orc wizards
  4 gnolls (D:5)
  6 adders
  2 shadow imps (D:5)
  2 white imps
  3 ufetubi (D:6)
  A worm (D:2)
  16 orcs
  4 ball pythons
  5 endoplasms
  3 giant cockroaches
  6 goblins
  5 hobgoblins
  8 jackals
  2 quokkas (D:4)
  7 bats
  4 frilled lizards
  3 kobolds
  4 rats
111 creatures vanquished.

Vanquished Creatures (others)
  2 plants (D:4)
2 creatures vanquished.

Grand Total: 113 creatures vanquished

Table legend:
 A = Non-vault XP
 B = Vault XP
 C = Vault XP percentage of total XP
 D = Non-vault monster count
 E = Vault monster count
 F = Vault count percentage of total count
                 A         B        C        D         E       F
            +---------+---------+-------+---------+---------+-------
      Total |    1507 |     916 |  37.8 |      93 |      18 |  16.2
            +---------+---------+-------+---------+---------+-------
        D:1 |      23 |       0 |   0.0 |      15 |       0 |   0.0
        D:2 |      28 |       0 |   0.0 |      15 |       0 |   0.0
        D:3 |      37 |      36 |  49.3 |      14 |       1 |   6.7
        D:4 |     267 |     386 |  59.1 |      15 |       5 |  25.0
        D:5 |     721 |     494 |  40.7 |      18 |      12 |  40.0
        D:6 |     431 |       0 |   0.0 |      16 |       0 |   0.0
            +---------+---------+-------+---------+---------+-------

Illustrated notes

Table legend:
 A = Kills in this place as a percentage of kills in entire the game.
 B = Kills by you in this place as a percentage of kills by you in the entire game.
 C = Kills by friends in this place as a percentage of kills by friends in the entire game.
 D = Other kills in this place as a percentage of other kills in the entire game.
 E = Experience gained in this place as a percentage of experience gained in the entire game.
 F = Experience gained in this place divided by the number of levels of this place that you have seen.
                   A       B       C       D       E      F
               +-------+-------+-------+-------+-------+----------------------
         Total | 100.0 | 100.0 |   N/A |   N/A | 100.0 | 302.9
       Dungeon | 100.0 | 100.0 |   N/A |   N/A | 100.0 | 346.1
               +-------+-------+-------+-------+-------+----------------------

Table legend: (Time is in decaauts)
 A = Elapsed time spent in this place.
 B = Non-inter-level travel time spent in this place.
 C = Inter-level travel time spent in this place.
 D = Time resting spent in this place.
 E = Time spent auto-exploring this place.
 F = Levels seen in this place.
 G = Mean time per level.
                   A        B        C        D        E       F      G
               +--------+--------+--------+--------+--------+-----+--------+
         Total |   6313 |   5718 |    595 |     22 |   4645 |   8 |  789.1 |
       Dungeon |   6290 |   5695 |    595 |     22 |   4645 |   7 |  898.6 |
         Abyss |     23 |     23 |      0 |      0 |      0 |   1 |   23.0 |
               +--------+--------+--------+--------+--------+-----+--------+

Top non-repeatable levels by time:
     D:3: 1325 daAuts
     D:5: 1231 daAuts
     D:4: 1102 daAuts
     D:1: 893 daAuts
     D:2: 892 daAuts
     D:6: 840 daAuts
 Abyss:2: 23 daAuts
     D:7: 4 daAuts
